[Event "Grand Slam Final 4th"]
[Site "Sao Paulo/Bilbao"]
[Date "2011.10.10"]
[Round "9"]
[White "Vallejo Pons, Francisco"]
[Black "Nakamura, Hikaru"]
[Result "1-0"]
[ECO "E94"]
[WhiteElo "2716"]
[BlackElo "2753"]
[Annotator "Edouard,R"]
[PlyCount "79"]
[EventDate "2011.09.26"]
[EventType "tourn"]
[EventRounds "10"]
[EventCountry "BRA"]
[EventCategory "22"]
[SourceTitle "CBM 145"]
[Source "ChessBase"]
[SourceDate "2011.11.11"]
[SourceVersion "1"]
[SourceVersionDate "2011.11.11"]
[SourceQuality "1"]
[TimeControl "40/5400+10:3600+10"]

1. Nf3 Nf6 2. c4 g6 3. Nc3 Bg7 4. e4 d6 5. d4 O-O 6. Be2 Nbd7 {A side-line.
Nakamura is a fighter! Ok, everyone knows it.} 7. Be3 e5 8. O-O Re8 9. dxe5
dxe5 10. b4 c6 11. c5 Nh5 $146 12. Nd2 Nf4 13. Nc4 Nxe2+ 14. Qxe2 Qe7 15. Rab1
Nf8 16. Nd6 Rd8 {Black is slightly worse, but these kinds of positions are not
at all easy to break with White.} 17. Na4 (17. b5 $5 Ne6 18. Rfd1 Nd4 19. Qd3 {
is one way to play. White is better, but I don't know how much.}) 17... Ne6 18.
Nb2 b5 19. a4 a6 20. Ra1 Rb8 21. axb5 axb5 22. Ra3 (22. Nd3 {with the idea of
facing} Nf4 {with} 23. Bxf4 exf4 24. e5 $1 {is a decent idea, and after} Bf5 $1
25. Ra6 (25. Nxf5 gxf5 {breaks Black's pawn structure but also solves many of
his problems: White doesn't have much advantage here.}) 25... Bxd3 26. Qxd3
Qxe5 27. Rxc6 Bf8 28. Rd1 {White is surely a bit better, but Black should get
a draw, by playing ...Rd7 & ...Rbd8 and taking on ...d6 at some well chosen
point.}) 22... Nf4 23. Qd2 Be6 24. g3 Nh5 $6 (24... Nh3+ 25. Kg2 Nf4+ $1 {
seems like a draw:} 26. Kh1 (26. gxf4 Qh4 $11) 26... Nh3 {and White should
repeat or some ...f5 moves are coming. Difficult to say if Nakamura missed
this line or deliberately chose not to play it.}) 25. Rfa1 Nf6 26. Bg5 Qf8 {
Here White seems much better, but actually he needs to be very precise.} 27.
Bxf6 $6 {Too early.} (27. Qd3 {looks great, but after} h6 (27... Rd7 28. Ra6
$16) 28. Bxf6 Bxf6 29. Ra6 Be7 30. Rxc6 Bd7 {somehow it looks like Black more
or less holds:} 31. Rca6 (31. Rc7 Bxd6 32. Qxd6 Qxd6 33. cxd6 Rb6 34. Nd3 Rxd6
35. Nxe5 Bh3 36. f3 Rd2 37. Nxf7 Rg2+ 38. Kh1 Ra2 $1 39. Nxh6+ Kf8 40. Rcc1 Rb2
{should be drawn.}) 31... Bc8 32. Ra8 Bxd6 33. cxd6 Rb6 (33... Rxd6 $4 34. Rxb8
$18 {The deep point of playing Qd3 first: the queen is protected.}) 34. d7 $1
Rxd7 35. Rc1 (35. Qc3 Rd8 36. Rd1 Re8 37. f3 Bh3 38. Rxe8 Qxe8 39. Nd3 Rd6 $11)
35... Rxd3 36. Rcxc8 Rd2 $1 {(a lucky move!)} 37. Rxf8+ Kg7 38. Rg8+ Kf6 $1 {
and Black should escape.}) (27. Qc2 $5 {should simply be the best:} h6 (27...
Ra8 28. Ra5 {and Black is still under huge pressure.}) 28. Bxf6 Bxf6 29. Nd3
Be7 30. Nxe5 Bxd6 31. cxd6 (31. Nxc6 Bc7 32. f4 {is maybe good too, due to
Black's bishop's passivity.}) 31... Rxd6 32. Qc5 {and White is definitely
slightly better.}) 27... Bxf6 28. Nd3 (28. Ra6 Be7 29. Rxc6 Bd7 {is fine for
Black for the same reasons that 27.Qd3 was (as the d2-queen is not protected
like on d3, it is actually even easier for Black!).}) 28... Be7 29. Nxe5 Bxd6
30. cxd6 Rxd6 31. Qc3 Rbd8 {Now Black is definitely all right!} 32. h4 Qe8 33.
Ra6 f6 34. Nf3 Bg4 35. Qb3+ Kh8 36. Nh2 $2 (36. Qe3 $1 Rd3 37. Qf4 Bxf3 38.
Qxf6+ Kg8 39. Ra7 Rd1+ 40. Kh2 Qf8 41. Qe6+ Kh8 42. Rf7 $5 (42. Qe5+ Kg8 $11)
42... Qd6 43. Qxd6 R8xd6 44. Ra8+ Rd8 45. Rxd8+ Rxd8 46. Rxf3 Rd4 $11) 36...
Qxe4 {Strange!} (36... Rd1+ {just wins a pawn:} 37. Nf1 $8 (37. Rxd1 $2 Rxd1+
38. Nf1 Be2 $19) 37... Qxe4 (37... Be2 $2 38. Qc2 $11) 38. Rxd1 Rxd1 39. Ra8+
Kg7 40. Ra7+ Rd7 {and Black is up a big pawn, and a probably winning position.}
) 37. Nxg4 Qxg4 38. Qf7 Qf3 39. Rf1 Rd1 40. Ra1 {time. Drama! Everyone knows
the rest.} (40. Ra1 R1d7 {and Black is up a pawn, with all the winning chances
on his side.}) 1-0